 Dungeon Crawl Stone Soup version 0.30.1-4-g462c640d31 (webtiles) character file.

Game seed: 13196383968096927026

53 Kurtz the Trooper (level 3, -2/23 HPs)
             Began as a Tengu Fighter on Sept 18, 2023.
             Killed from afar by Ijyb (11 damage)
             ... with a puff of flame
             ... on level 3 of the Dungeon.
             The game lasted 00:01:14 (1693 turns).

Kurtz the Trooper (Tengu Fighter)                   Turns: 1693, Time: 00:01:15

Health: -2/23      AC: 11    Str: 18    XL:     3   Next: 89%
Magic:  4/4        EV:  5    Int:  8    God:
Gold:   204        SH:  9    Dex: 13    Spells: 2/2 levels left

rFire   . . .        a - +0 war axe
rCold   . . .        c - +0 buckler
rNeg    . . .        p - +0 plate armour
rPois   .            (helmet restricted)
rElec   .            (no cloak)
rCorr   .            (no gloves)
SInv    .            (boots unavailable)
Will    +....        e - amulet of reflection Stlth
                     r - ring of willpower
HPRegen 0.23/turn    (no ring)
MPRegen 0.09/turn

%: reflection
@: mighty
A: beak, talons 3
a: no special abilities


You were on level 3 of the Dungeon.
You visited 1 branch of the dungeon, and saw 3 of its levels.

You collected 204 gold pieces.

Inventory:

Hand Weapons
 a - a +0 war axe (weapon)
Armour
 b - a +0 scale mail
 c - a +0 buckler (worn)
 p - a +0 plate armour (worn)
Jewellery
 e - an amulet of reflection (around neck)
 l - a ring of wizardry
 r - a ring of willpower (left hand)
Scrolls
 j - a scroll of enchant weapon {unknown}
 k - a scroll of identify {unknown}
 m - a scroll of silence {unknown}
 n - a scroll of fog {unknown}
 o - a scroll of vulnerability {unknown}
 q - a scroll of teleportation {unknown}
Potions
 f - a potion of magic {unknown}
 g - a potion of resistance {unknown}
 h - a potion of degeneration {unknown}
 i - 2 potions of curing {unknown}


   Skills:
 * Level 3.6 Fighting
 * Level 3.5 Axes
 - Level 3.2 Armour
 * Level 1.3 Dodging
 - Level 3.0 Shields


You had 2 spell levels left.
You didn't know any spells.
Your spell library contained the following spells:

 Spells                   Type           Power      Damage    Failure   Level
 Sublimation of Blood     Necr           0%         N/A       100%        2
 Gell's Gravitas          Tloc           0%         N/A       100%        3
 Teleport Other           Tloc           0%         N/A       100%        3
 Petrify                  Tmut/Erth      0%         N/A       100%        4
 Irradiate                Conj/Tmut      0%         3d11      100%        5
 Dispersal                Tloc           0%         N/A       100%        6


Dungeon Overview and Level Annotations

Branches:
Dungeon (3/15)

Altars:

Annotations:
D:3 Ijyb


Innate Abilities, Weirdness & Mutations

You have a beak for a mouth.
You have claws for feet.


Message History

No target in view!
You see here a dart slug corpse.
Found 8 stones.
There is an open door here.
You see here 8 stones.
You now have 204 gold pieces (gained 16).
Ijyb the Twisted Goblin comes into view.
She is wielding a +0 club and carrying a wand of flame (16).
Ijyb shouts!
Ijyb is nearby!
A quokka comes into view.
Ijyb zaps a wand.
The puff of flame hits you.
Ijyb zaps a wand.
The puff of flame hits you!
You are too injured to fight recklessly!
You are too injured to fight recklessly!
You are too injured to fight recklessly!
You are too injured to fight recklessly!
You are too injured to fight recklessly!
You are too injured to fight recklessly!
You are too injured to fight recklessly!
You are too injured to fight recklessly!
You are too injured to fight recklessly!
You are too injured to fight recklessly!
You are too injured to fight recklessly!
You are too injured to fight recklessly!
You are too injured to fight recklessly!
You are too injured to fight recklessly!
You are too injured to fight recklessly!
You are too injured to fight recklessly!
You are too injured to fight recklessly!
You feel very mighty all of a sudden.
You slash the quokka!
You kill the quokka!
You closely miss Ijyb. Ijyb hits you with a +0 club.
You slash Ijyb!
Ijyb is severely wounded.
Ijyb zaps a wand.
The puff of flame hits you.
You closely miss Ijyb.
Ijyb is severely wounded.
Ijyb hits you but does no damage.
Ijyb zaps a wand.
The puff of flame hits you!
You die...

.# ..# #..###
#...##########
#.......g.$####
#......@†......
#.....####~####
#.....# #.....#
#####.######
+..........#
######.....#
#.....#
#.....##


You could see Ijyb.

Vanquished Creatures
  An adder (D:2)
  A dart slug (D:3)
  4 ball pythons
  5 bats
  An endoplasm (D:2)
  A giant cockroach (D:2)
  6 goblins
  5 hobgoblins
  3 jackals (D:2)
  3 quokkas
  A frilled lizard (D:2)
  5 kobolds
  2 rats
38 creatures vanquished.

Notes
Turn   | Place    | Note
-------+----------+-------------------------------------------
     0 | D:1      | Kurtz the Tengu Fighter began the quest for the Orb.
     0 | D:1      | Reached XP level 1. HP: 14/14 MP: 2/2
   510 | D:1      | Reached XP level 2. HP: 19/19 MP: 3/3
  1128 | D:2      | Reached skill level 1 in Dodging
  1206 | D:2      | Reached XP level 3. HP: 21/23 MP: 4/4
  1686 | D:3      | Noticed Ijyb
  1693 | D:3      | Killed from afar by Ijyb

Illustrated notes

Levels and vault maps discovered:
D:1:      heliophobic_arrival_battle_scene, layout_basic
D:2:      layout_rooms
D:3:      minmay_chambers_of_twos, layout_basic,
          shapermc_ecumenical_altar_hornbeckon, uniq_ijyb, uniq_natasha

Skill      XL: |  1  2  3 |
---------------+----------+-----
Dodging        | 1 |  1.3
Axes           | 3 |  3.5
Fighting       | |  3.6
Armour         | |  3.2
Shields        | |  3.0

Action                     || total
---------------------------++-------
  Melee: War axe           ||    76
         Peck              ||     6
         Kick              ||    12
    Use: Potion            ||     1
 Armour: Scale mail        ||    16
         Plate armour      ||    27
  Dodge: Dodged            ||    20
  Block: Buckler           ||    35
